 Dungeon Crawl Stone Soup version 0.31.0-11-ge490571c62 (webtiles) character file.

Game seed: 15406476486632372610

69 qw the Shooter (level 4, -4/25 HPs)
             Began as a Deep Elf Hunter on Feb 3, 2024.
             Succumbed to Robin's poison
             ... on level 3 of the Dungeon.
             The game lasted 00:00:05 (1399 turns).

qw the Shooter (Deep Elf Hunter)                    Turns: 1399, Time: 00:00:05

Health: -4/25      AC:  6    Str: 10    XL:     4   Next: 2%
Magic:  6/6        EV: 11    Int: 14    God:
Gold:   41         SH:  0    Dex: 18    Spells: 3/3 levels left

rFire   . . .        a - +0 shortbow
rCold   . . .        (shield currently unavailable)
rNeg    . . .        e - +0 ring mail
rPois   .            d - +1 hat
rElec   .            (no cloak)
rCorr   .            (no gloves)
SInv    +            (no boots)
Will    .....        (no amulet)
Stlth   +            j - ring of see invisible
HPRegen 0.24/turn    (no ring)
MPRegen 0.10/turn

%: no passive effects
@: lethally poisoned (-4 -> -25), about to teleport
A: no striking features
a: no special abilities


You were on level 3 of the Dungeon.
You visited 1 branch of the dungeon, and saw 3 of its levels.

You collected 41 gold pieces.


   Skills:
 - Level 1.5 Fighting
 + Level 7.4 Ranged Weapons
 - Level 2.4 Dodging
 - Level 1.2 Stealth


You had 3 spell levels left.
You didn't know any spells.
Your spell library was empty.

Inventory:

Hand Weapons
 a - a +0 shortbow (weapon)
Armour
 d - a +1 hat (worn)
 e - a +0 ring mail (worn)
Jewellery
 j - a ring of see invisible (left hand)
Scrolls
 h - a scroll of identify
Potions
 g - a potion of curing

Dungeon Overview and Level Annotations

Branches:
Dungeon (3/15)

Altars:
Elyvilon
Yredelemnul

Annotations:
D:3 Robin


Message History

You kill the hobgoblin!
You have reached level 4!
You feel clever.
You shoot an arrow. The arrow hits Robin.
Robin is lightly wounded.
A goblin comes into view. It is wielding a +0 dagger.
Robin hits you from afar with a +2 trident of venom.
You are poisoned.
You shoot an arrow. The arrow hits Robin.
Robin is moderately wounded.
You feel very sick.
A goblin comes into view. It is wielding a +0 dagger.
Robin barely misses you.
You shoot an arrow. The arrow hits the endoplasm.
The endoplasm is almost dead.
You feel sick. The endoplasm freezes you.
You are frozen.
Robin hits you from afar with a +2 trident of venom.
You are more poisoned.
You shoot an arrow.
The arrow hits the endoplasm but does no damage.
The endoplasm is almost dead.
You feel very sick.
You hear a shout!
A goblin comes into view. It is wielding a +0 dagger.
The endoplasm barely misses you. Robin barely misses you.
You shoot an arrow. The arrow hits the endoplasm!
You kill the endoplasm!
You feel sick.
Robin hits you from afar with a +2 trident of venom.
You are lethally poisoned!
1398 ||| READING scroll of teleportation.
As you read the scroll of teleportation, it crumbles to dust.
You feel strangely unstable.
You feel very sick.
Robin hits you from afar with a +2 trident of venom.
You are more poisoned.
You shoot an arrow. The arrow hits Robin!
Robin is severely wounded.
You die...

... # .). .# ..# #.
#.#.. #.#.# #.#.#
###...# #8...
#.#@..# ##....
#...7g## #_....
#.#.#.7 g. #....
#.#.#.7.### #8?..
#.#...7)# ##_#
#.##....#
.#########.##....###
........<#.#.......#
..#.....##.#.#####.#


You could see Robin and a goblin.

Vanquished Creatures
  2 adders (D:2)
  4 endoplasms
  2 giant cockroaches (D:2)
  7 goblins
  4 hobgoblins
  4 jackals (D:1)
  A quokka (D:1)
  5 ball pythons
  4 bats
  3 frilled lizards (D:2)
  8 kobolds
  5 rats
49 creatures vanquished.

Notes
Turn   | Place    | Note
-------+----------+-------------------------------------------
     0 | D:1      | qw the Deep Elf Hunter began the quest for the Orb.
     0 | D:1      | Reached XP level 1. HP: 12/12 MP: 3/3
     0 | D:1      | 0 ||| qw: Version: 0.3-a-157-g843a77d
     0 | D:1      | 0 ||| qw: Game counter: 3595
     0 | D:1      | 0 ||| qw: Melee chars always use a shield: true
     0 | D:1      | 0 ||| qw: God list: Okawaru
     0 | D:1      | 0 ||| qw: Allow faded altars: false
     0 | D:1      | 0 ||| qw: Do Orc after clearing Dungeon:15 true
     0 | D:1      | 0 ||| qw: Do second Lair branch before Depths: true
     0 | D:1      | 0 ||| qw: Lair rune preference: random
     0 | D:1      | 0 ||| qw: Goals: Normal
     0 | D:1      | 0 ||| PLANNING D:1-11
    77 | D:1      | Reached skill level 6 in Ranged Weapons
    77 | D:1      | Reached XP level 2. HP: 16/16 MP: 4/4
   648 | D:1      | 648 ||| UPGRADING to +0 ring mail.
   658 | D:1      | 658 ||| DROPPING +0 leather armour.
   659 | D:1      | 659 ||| READING scroll labelled GEIRRARIUNG.
   760 | D:1      | 760 ||| READING 2 scrolls labelled RIECSU LUUXAAJ.
   765 | D:1      | 765 ||| DROPPING scroll of butterflies.
   819 | D:2      | Reached XP level 3. HP: 20/20 MP: 5/5
   925 | D:2      | Reached skill level 7 in Ranged Weapons
  1338 | D:2      | 1338 ||| UPGRADING to +1 hat.
  1343 | D:2      | 1343 ||| UPGRADING to ring of see invisible.
  1344 | D:2      | 1344 ||| READING scroll labelled QYLOPP XUOFFO.
  1345 | D:2      | 1345 ||| READING scroll labelled LAISHE CANEMPIOPH.
  1346 | D:2      | 1346 ||| READING 3 scrolls labelled YPUEWO JEYLOLL.
  1346 | D:2      | 1346 ||| IDENTIFYING grey potion
  1347 | D:2      | 1347 ||| READING 2 scrolls of identify.
  1347 | D:2      | 1347 ||| IDENTIFYING 3 inky potions
  1348 | D:2      | 1348 ||| DROPPING 3 potions of ambrosia.
  1372 | D:3      | Found a basalt altar of Yredelemnul.
  1372 | D:3      | Found a white marble altar of Elyvilon.
  1391 | D:3      | Noticed Robin
  1393 | D:3      | Reached XP level 4. HP: 25/25 MP: 6/6
  1397 | D:3      | HP: 6/25 [Robin/+2 trident of venom (4)]
  1398 | D:3      | 1398 ||| READING scroll of teleportation.
  1398 | D:3      | HP: 2/25 [Robin/+2 trident of venom (1)]
  1399 | D:3      | Succumbed to Robin's poison

Levels and vault maps discovered:
D:1:      mrwooster_arrival_statue_3, layout_basic, serial_glass,
          glass_columns_a, glass_columns_c, minmay_tiny_reverse_x
D:2:      layout_basic
D:3:      layout_basic, mainiacjoe_overflow_boulevard,
          nicolae_overflow_hidden_temple, chequers_jeans,
          minmay_misc_feat_plants, chequers_big_river,
          wad_floor_pattern_untrapped, uniq_robin, uniq_natasha

Skill      XL: |  1  2  3 |
---------------+----------+-----
Ranged Weapons | 6 7 |  7.4
Fighting       | |  1.5
Dodging        | |  2.4
Stealth        | |  1.2

Action                     |  1- 3 |  4- 6 || total
---------------------------+-------+-------++-------
   Fire: Shortbow          |   122 |     6 ||   128
    Use: Scroll            |     6 |     1 ||     7
 Armour: Leather armour    |     9 |       ||     9
         Ring mail         |    23 |     4 ||    27
  Dodge: Dodged            |    37 |     3 ||    40

Table legend:
 A = Non-vault XP
 B = Vault XP
 C = Vault XP percentage of total XP
 D = Non-vault monster count
 E = Vault monster count
 F = Vault count percentage of total count
                 A         B        C        D         E       F
            +---------+---------+-------+---------+---------+-------
      Total |      90 |       9 |   9.1 |      44 |       5 |  10.2
            +---------+---------+-------+---------+---------+-------
        D:1 |      34 |       3 |   8.1 |      21 |       2 |   8.7
        D:2 |      52 |       0 |   0.0 |      21 |       0 |   0.0
        D:3 |       4 |       6 |  60.0 |       2 |       3 |  60.0
            +---------+---------+-------+---------+---------+-------
